 Dungeon Crawl Stone Soup version 0.22.1-2-g9c5b331 (webtiles) character file.

117 Fang the Skirmisher (level 5, -3/49 HPs)
             Began as a Gargoyle Berserker on Dec 3, 2018.
             Was a Believer of Trog.
             Slain by Sigmund
             ... wielding a +0 scythe
              (6 damage)
             ... on level 3 of the Dungeon.
             The game lasted 00:02:22 (2554 turns).

Fang the Skirmisher (Gargoyle Berserker)            Turns: 2554, Time: 00:02:23

Health: -3/49      AC:  9    Str: 26    XL:     5   Next: 1%
Magic:  5/5        EV: 11    Int:  8    God:    Trog [**....]
Gold:   133        SH:  0    Dex:  9    Spells: 4/4 levels left

rFire    . . .     SeeInvis .   a - +0 hand axe
rCold    . . .     Gourm    .   (no shield)
rNeg     + . .     Faith    .   i - +0 ring mail
rPois    ∞         Spirit   .   (no helmet)
rElec    +         Reflect  .   (no cloak)
rCorr    .         Harm     .   (no gloves)
MR       .....                  (no boots)
Stlth    ..........             (no amulet)
HPRegen  0.16/turn              (no ring)
MPRegen  0.09/turn              (no ring)

@: berserking (expiring), very quick
A: negative energy resistance 1, electricity resistance, unbreathing,
petrification resistance, rot immunity, AC +4
a: Berserk, Trog's Hand, Renounce Religion


You were on level 3 of the Dungeon.
You worshipped Trog.
Trog was pleased with you.
You were very hungry.

You visited 1 branch of the dungeon, and saw 3 of its levels.

You collected 133 gold pieces.

Inventory:

Hand Weapons
 a - a +0 hand axe (weapon)
Armour
 i - a +0 ring mail (worn)
Wands
 b - a wand of disintegration (37)
Scrolls
 e - a scroll of teleportation {unknown}
 g - a scroll of identify {unknown}
 h - a scroll of remove curse {unknown}
 k - a scroll of amnesia {unknown}
 n - a scroll of blinking {unknown}
Potions
 d - 2 potions of curing {unknown}
 f - a potion of degeneration {unknown}
 j - a potion of brilliance {unknown}
 l - a potion of berserk rage {unknown}
Comestibles
 c - 6 rations
 m - 2 chunks of flesh


   Skills:
 + Level 4.0 Fighting
 + Level 3.6 Axes
 + Level 2.8 Armour
 + Level 2.3 Dodging
 + Level 1.0 Stealth


You had 4 spell levels left.
You didn't know any spells.
Your spell library was empty.

Dungeon Overview and Level Annotations

Branches:
Dungeon (3/15)

Altars:
Gozag

Annotations:
D:3 Sigmund


Innate Abilities, Weirdness & Mutations

You are resistant to torment.
Your stone body is resilient. (AC +4)
You are immune to poison.
You resist negative energy. (rN+)
You are resistant to electric shocks. (rElec)
You can survive without breathing.
You are immune to petrification.
You are immune to rotting.


Message History

The hobgoblin misses you.
Found a stone staircase leading up.
Things that are here:
a jackal corpse x2
You closely miss something. You slash the hobgoblin!
You kill the hobgoblin!
Trog accepts your kill. Something hits you but does no damage.
You miss something. You miss something. Something hits you.
* * * LOW HITPOINT WARNING * * *
You miss something. You closely miss something.
Something hits you but does no damage.
You slash something! You hit something. You slash something!
Something hits you!
* * * LOW HITPOINT WARNING * * *
You closely miss something. You closely miss something. Something hits you.
You die...

####...#.##. <......
'........... .....
###.....##. .....
##.#.###. ... #.#.#
#. .g. #.#.###. #s#
#.......
#.#####{######
###.####
......†@†....# #.#
.###.##.####.######.#
#.#..............#
.###......##.########
..........##.#
####.##...##.#
#......[..#
#.######### ..


You could see a giant cockroach and a goblin.

Vanquished Creatures
  Crazy Yiuf (D:2)
  3 adders
  A worm (D:3)
  2 dart slugs
  4 leopard geckos
  2 ball pythons
  5 bats
  A giant cockroach (D:3)
  5 goblins
  A hobgoblin (D:3)
  8 jackals
  A quokka (D:3)
  3 frilled lizards
  6 kobolds
  6 rats
  3 fungi (D:2)
52 creatures vanquished.

Notes
Turn   | Place    | Note
-------+----------+-------------------------------------------
     0 | D:1      | Fang the Gargoyle Berserker began the quest for the Orb.
     0 | D:1      | Reached XP level 1. HP: 14/14 MP: 1/1
   204 | D:1      | Reached XP level 2. HP: 18/19 MP: 2/2
  1011 | D:2      | Reached XP level 3. HP: 13/24 MP: 3/3
  1314 | D:2      | Found an opulent altar of Gozag.
  1476 | D:2      | Reached ** piety under Trog
  1799 | D:2      | Found a runed door.
  1803 | D:2      | Noticed Crazy Yiuf
  1807 | D:2      | Killed Crazy Yiuf
  1807 | D:2      | Reached skill level 4 in Fighting
  1807 | D:2      | Reached XP level 4. HP: 29/29 MP: 4/4
  2243 | D:3      | Reached skill level 1 in Stealth
  2527 | D:3      | Noticed Sigmund
  2543 | D:3      | Reached XP level 5. HP: 25/33 MP: 5/5
  2552 | D:3      | HP: 2/49 [something (10)]
  2554 | D:3      | Slain by Sigmund

Skill      XL: |  1  2  3  4 |
---------------+-------------+-----
Axes           | 3 |  3.6
Dodging        | 2 |  2.3
Fighting       | 4 |  4.0
Stealth        | 1 |  1.0
Armour         | |  2.8

Action                   |  1- 3 |  4- 6 || total
-------------------------+-------+-------++-------
Melee: Hand axe          |   125 |    73 ||   198
Invok: Berserk           |     2 |     1 ||     3
  Eat: Chunk             |     3 |     4 ||     7
Armor: Animal skin       |    29 |       ||    29
       Ring mail         |     6 |    38 ||    44
Dodge: Dodged            |    89 |    63 ||   152
